 Dungeon Crawl Stone Soup version 0.23-a0-489-g205b0b6 (webtiles) character file.

17313 theanonym the Fighter (level 12, -3/97 HPs)
             Began as a Mummy Necromancer on Dec 2, 2018.
             Was a Priest of Vehumet.
             Slain by a minotaur (16 damage)
             ... in a labyrinth.
             The game lasted 00:44:04 (18143 turns).

theanonym the Fighter (Mummy Necromancer)          Turns: 18143, Time: 00:44:05

Health: -3/97      AC:  9    Str: 11    XL:     12   Next: 17%
Magic:  7/25       EV: 19    Int: 19    God:    Vehumet [***...]
Gold:   609        SH:  5    Dex: 13    Spells: 12/30 levels left

rFire    + . .     SeeInvis +   o - +2 short sword (distort)
rCold    + . .     Gourm    .   d - +0 buckler
rNeg     + + +     Faith    .   e - +0 leather armour {rF+}
rPois    ∞         Spirit   .   l - +0 hat {SInv}
rElec    .         Reflect  .   m - +1 cloak
rCorr    .         Harm     .   (no gloves)
MR       +....                  b - +2 pair of boots
Stlth    ++........             (no amulet)
HPRegen  0.26/turn              i - +6 ring of evasion
MPRegen  0.19/turn              h - ring of protection from fire

@: no status effects
A: no food or potions, fire vulnerability, cold resistance 1, negative energy
resistance 3, torment resistance, unbreathing
a: Renounce Religion


Innate Abilities, Weirdness & Mutations

You do not eat or drink.
Your flesh is vulnerable to fire.
You are immune to poison.
Your flesh is cold resistant. (rC+)
You are immune to negative energy. (rN+++)
You are immune to unholy pain and torment.
You can survive without breathing.


   Skills:
 + Level 10.1 Fighting
 - Level 5.1 Short Blades
 - Level 5.5 Armour
 + Level 4.4 Dodging
 - Level 1.5 Stealth
 - Level 4.1 Shields
 + Level 9.8 Spellcasting
 + Level 7.3 Conjurations
 - Level 5.0 Necromancy
 - Level 2.0 Translocations
 * Level 1.3 Ice Magic
 - Level 1.3 Air Magic
 - Level 1.3 Poison Magic


You had 12 spell levels left.
You knew the following spells:

 Your Spells              Type           Power        Failure   Level  Hunger
a - Throw Icicle          Conj/Ice       ####....     4%          4    N/A
b - Shock                 Conj/Air       ####         1%          1    N/A
c - Vampiric Draining     Necr           ####......   3%          3    N/A
d - Mephitic Cloud        Conj/Pois/Air  ###.....     1%          3    N/A
e - Animate Dead          Necr           N/A          12%         4    N/A
f - Pain                  Necr           ####         1%          1    N/A
l - Blink                 Tloc           N/A          6%          2    N/A

Your spell library contained the following spells:

 Spells                   Type           Power        Failure   Level  Hunger
 Inner Flame              Hex/Fire       #.......     8%          3    N/A
 Animate Skeleton         Necr           N/A          1%          1    N/A
 Freeze                   Ice            ##..         1%          1    N/A
 Magic Dart               Conj           ####         1%          1    N/A
 Throw Frost              Conj/Ice       ####..       1%          2    N/A
 Conjure Flame            Conj/Fire      ###.....     1%          3    N/A
 Call Imp                 Summ           #.......     14%         2    N/A
 Slow                     Hex            #.......     14%         2    N/A
 Ozocubu's Armour         Chrm/Ice       ##......     22%         3    N/A
 Summon Ice Beast         Ice/Summ       ##......     58%         4    N/A
 Regeneration             Chrm/Necr      Unusable     N/A         3    N/A

Skill      XL: |  1  2  3  4  5  6  7  8  9 10 11 12 |
---------------+-------------------------------------+-----
Spellcasting   | 3 4 5 7 9 |  9.8
Shields        | 1 2 3 4 |  4.1
Short Blades   | 1 2 3 4 5 |  5.1
Necromancy     | 5 |  5.0
Armour         | 2 4 5 |  5.5
Fighting       | 3 6 8 9 10 | 10.1
Conjurations   | 3 5 7 |  7.3
Air Magic      | 1 |  1.3
Poison Magic   | 1 |  1.3
Translocations | 2 |  2.0
Dodging        | 4 |  4.4
Ice Magic      | 1 |  1.3
Stealth        | |  1.5

Action                   |  1- 3 |  4- 6 |  7- 9 | 10-12 || total
-------------------------+-------+-------+-------+-------++-------
Melee: Unarmed           |     6 |       |       |       ||     6
       Short sword       |     8 |   249 |   421 |   487 ||  1165
       Rapier            |       |       |       |    33 ||    33
 Cast: Pain              |    60 |    42 |   123 |    39 ||   264
       Vampiric Draining |       |     3 |     2 |    16 ||    21
       Animate Dead      |       |       |     9 |    22 ||    31
       Mephitic Cloud    |       |       |     1 |    32 ||    33
       Shock             |       |       |       |    65 ||    65
       Throw Icicle      |       |       |       |    31 ||    31
Evoke: Wand              |       |       |       |     7 ||     7
       Lightning rod     |       |       |       |     4 ||     4
       Lamp of fire      |       |       |       |     1 ||     1
  Use: Scroll            |       |     6 |     5 |     8 ||    19
 Stab: Sleeping          |       |     1 |     1 |     3 ||     5
       Confused          |       |       |     2 |    22 ||    24
Armor: Robe              |     2 |       |       |       ||     2
       Ring mail         |    10 |    51 |     7 |       ||    68
       Leather armour    |       |       |    74 |    56 ||   130
Dodge: Dodged            |    21 |   150 |   348 |   348 ||   867
Block: Buckler           |     2 |    48 |   100 |   112 ||   262

Inventory:

Hand Weapons
 a - a +4 short sword of venom
   (You took it off a kobold on level 1 of the Dungeon)
 o - a +2 short sword of distortion (weapon)
   (You took it off Sonja on level 3 of the Lair of Beasts)
Armour
 b - a +2 pair of boots (worn)
   (You found it on level 3 of the Dungeon)
 d - a +0 buckler (worn)
   (You found it on level 1 of the Dungeon)
 e - a +0 leather armour of fire resistance (worn)
   (You took it off an orc on level 8 of the Dungeon)
 l - a +0 hat of see invisible (worn)
   (You took it off Gastronok on level 1 of the Lair of Beasts)
 m - a +1 cloak (worn)
   (You found it on level 4 of the Dungeon)
Jewellery
 c - an uncursed ring of ice
   (You took it off Fannar on level 10 of the Dungeon)
 h - a ring of protection from fire (right hand)
   (You found it on level 7 of the Dungeon)
 i - a +6 ring of evasion (left hand)
   (You found it on level 2 of the Dungeon)
Wands
 p - a wand of iceblast (3)
   (You found it on level 4 of the Lair of Beasts)
 v - a wand of acid (2)
   (You found it on level 3 of the Lair of Beasts)
Scrolls
 g - 4 scrolls of immolation
 k - a scroll of amnesia
 n - 5 scrolls of remove curse
 r - a scroll of identify
 t - 6 scrolls of teleportation {!r}
 B - 2 scrolls of blinking
Miscellaneous
 f - a lamp of fire (inert)
   (You found it on level 3 of the Lair of Beasts)
 j - a lightning rod (inert)
   (You found it on level 9 of the Dungeon)

   You were in a labyrinth.
   You worshipped Vehumet.
   Vehumet was most pleased with you.
   You were not hungry.
   You visited 3 branches of the dungeon, and saw 16 of its levels.
   You also visited: Labyrinth.
   You collected 829 gold pieces.
   You spent 220 gold pieces at shops.

Dungeon Overview and Level Annotations

Branches:
Dungeon (11/15)            Temple (1/1) D:5            Lair (4/6) D:8
  Swamp: Lair:2-4    Shoals: Lair:2-4     Snake: Lair:2-4    Spider: Lair:2-4
    Orc: D:9-12

Altars:
Ashenzari
Cheibriados
Fedhas
Gozag
Hepliaklqana
Kikubaaqudgha
Makhleb
Nemelex Xobeh
Okawaru
Qazlal
Ru
Sif Muna
Uskayaw
Vehumet
Wu Jian
Yredelemnul
The Shining One

Shops:
D:8 *

Annotations:
D:8 mopl's ghost, novice GnBe
D:10 exclusion: vampire

# ## # # # .
. . # . ... .
. . #... . .
# . ## ######
. # ##.# ##
#. .# ###
.##. .. .# #
... #H##### .
#. ##.
#.#@..# . #
#.H.#.# ## ##
# #.###.# # #
#. #.# ## #
#. .# # ..# #
.#. # #.# .
.. #. . . .
######### .
..# .
.............
.#


You could see a minotaur.

Notes
Turn   | Place    | Note
-------+----------+-------------------------------------------
     0 | D:1      | theanonym the Mummy Necromancer began the quest for the
                  | Orb.
     0 | D:1      | Reached XP level 1. HP: 13/13 MP: 4/4
    43 | D:1      | Reached skill level 3 in Spellcasting
   387 | D:1      | Reached XP level 2. HP: 19/19 MP: 1/6
  1111 | D:2      | Reached XP level 3. HP: 24/24 MP: 5/7
  1220 | D:2      | Noticed Jessica
  1223 | D:2      | Killed Jessica
  1223 | D:2      | Reached skill level 1 in Shields
  1295 | D:2      | Reached skill level 1 in Short Blades
  1435 | D:2      | Reached XP level 4. HP: 30/30 MP: 1/9
  1516 | D:2      | Learned a level 4 spell: Animate Dead
  1520 | D:2      | Learned a level 3 spell: Vampiric Draining
  1578 | D:2      | Noticed Natasha
  1592 | D:2      | Killed Natasha
  2143 | D:2      | Noticed Natasha
  2148 | D:2      | Killed Natasha
  2148 | D:2      | Reached skill level 4 in Spellcasting
  2575 | D:2      | Noticed Natasha
  2581 | D:2      | Killed Natasha
  2581 | D:2      | Reached XP level 5. HP: 30/35 MP: 5/11
  3137 | D:3      | Reached skill level 5 in Necromancy
  3235 | D:3      | Found a glowing golden altar of the Shining One.
  3294 | D:3      | Reached skill level 2 in Shields
  3453 | D:4      | Reached skill level 2 in Short Blades
  3573 | D:4      | Reached XP level 6. HP: 35/41 MP: 10/13
  3643 | D:4      | HP: 19/41 [hound (4)]
  3879 | D:4      | HP: 20/41 [phantom (8)]
  3889 | D:4      | HP: 16/41 [phantom (6)]
  3902 | D:4      | Reached skill level 5 in Spellcasting
  4195 | D:4      | Reached skill level 3 in Short Blades
  4195 | D:4      | Reached skill level 3 in Shields
  4195 | D:4      | Reached XP level 7. HP: 34/46 MP: 14/14
  4641 | D:5      | Entered Level 5 of the Dungeon
  4757 | D:5      | Noticed Sigmund
  4766 | D:5      | Killed Sigmund
  4766 | D:5      | Reached skill level 1 in Armour
  4924 | D:5      | Found a blossoming altar of Fedhas.
  5086 | D:5      | Reached skill level 4 in Short Blades
  5086 | D:5      | Reached skill level 4 in Shields
  5097 | D:5      | Found a staircase to the Ecumenical Temple.
  5106 | Temple   | Entered the Ecumenical Temple
  5109 | Temple   | Became a worshipper of Vehumet
  5138 | D:5      | Reached skill level 2 in Armour
  5138 | D:5      | Reached XP level 8. HP: 50/52 MP: 15/15
  5179 | D:5      | Noticed Menkaure
  5189 | D:5      | HP: 13/52 [Menkaure (19)]
  5190 | D:5      | HP: 5/52 [Menkaure (8)]
  5676 | D:6      | HP: 26/52 [acid (1)]
  6206 | D:6      | Reached skill level 3 in Armour
  6245 | D:6      | Noticed Eustachio
  6261 | D:6      | Killed Eustachio
  6261 | D:6      | Reached skill level 5 in Short Blades
  6579 | D:7      | Noticed Pikel
  6650 | D:7      | Reached skill level 1 in Fighting
  6714 | D:7      | Reached skill level 4 in Armour
  6722 | D:7      | Reached skill level 2 in Fighting
  6996 | D:7      | Reached skill level 3 in Fighting
  7002 | D:7      | Reached * piety under Vehumet
  7002 | D:7      | Offered knowledge of Shock by Vehumet.
  7013 | D:7      | Reached XP level 9. HP: 41/64 MP: 1/16
  7288 | D:6      | Killed Pikel
  7288 | D:6      | Reached skill level 4 in Fighting
  7288 | D:6      | Reached skill level 5 in Armour
  7291 | D:6      | Learned a level 1 spell: Shock
  7429 | D:7      | Found a deep blue altar of Sif Muna.
  7571 | D:8      | Noticed Blork the orc
  7586 | D:8      | Killed Blork the orc
  7586 | D:8      | Reached skill level 5 in Fighting
  7586 | D:8      | Reached skill level 1 in Conjurations
  7873 | D:8      | Reached skill level 2 in Conjurations
  8120 | D:7      | Reached skill level 6 in Fighting
  8199 | D:7      | Reached skill level 3 in Conjurations
  8421 | D:8      | Reached ** piety under Vehumet
  8421 | D:8      | Offered knowledge of Freeze by Vehumet.
  8518 | D:8      | Found Quhaky's General Store.
  8521 | D:8      | Bought a book of Minor Magic for 220 gold pieces
  8524 | D:8      | Learned a level 2 spell: Blink
  8528 | D:8      | Learned a level 3 spell: Mephitic Cloud
  8534 | D:8      | Noticed Erica
  8580 | D:8      | HP: 29/71 [something (11)]
  8792 | D:8      | Killed Erica
  8792 | D:8      | Reached skill level 1 in Air Magic
  8792 | D:8      | Reached skill level 1 in Poison Magic
  8792 | D:8      | Reached XP level 10. HP: 70/77 MP: 17/17
  8875 | D:8      | Noticed a two-headed ogre
  8886 | D:8      | Killed a two-headed ogre
  8886 | D:8      | Reached skill level 7 in Fighting
  8886 | D:8      | Reached skill level 4 in Conjurations
  9123 | D:8      | Found a staircase to the Lair.
  9170 | D:8      | Found a runed gate.
  9173 | D:8      | Found an opulent altar of Gozag.
  9174 | D:8      | Found a runed gate.
  9174 | D:8      | Found a runed gate.
  9174 | D:8      | Noticed mopl's ghost (novice GnBe)
  9267 | D:8      | You fall through a shaft for 2 floors!
  9267 | D:10     | Entered Level 10 of the Dungeon
  9498 | D:10     | Noticed a necromancer
  9522 | D:10     | Killed a necromancer
  9533 | D:10     | HP: 38/80 [wolf simulacrum (5)]
  9559 | D:10     | Reached skill level 6 in Spellcasting
  9602 | D:10     | HP: 36/80 [something (7)]
  9884 | D:10     | Noticed a cyclops
  9910 | D:10     | Killed a cyclops
  9910 | D:10     | Reached skill level 5 in Conjurations
  9911 | D:10     | Noticed Fannar
  9911 | D:10     | HP: 40/80 [ice beast (6)]
  9933 | D:11     | Reached skill level 1 in Translocations
 10115 | D:10     | Killed Fannar
 10115 | D:10     | Offered knowledge of Throw Frost by Vehumet.
 10115 | D:10     | Reached skill level 8 in Fighting
 10229 | D:10     | Reached skill level 7 in Spellcasting
 10229 | D:10     | Reached skill level 2 in Translocations
 10670 | D:9      | Reached XP level 11. HP: 87/87 MP: 21/21
 10817 | D:9      | Reached *** piety under Vehumet
 11836 | D:8      | HP: 34/87 [komodo dragon (21)]
 12358 | D:5      | Killed Menkaure
 12568 | D:8      | Offered knowledge of Inner Flame by Vehumet.
 12797 | Lair:1   | Entered Level 1 of the Lair of Beasts
 12891 | Lair:1   | Noticed Gastronok
 12922 | Lair:1   | Killed Gastronok
 12922 | Lair:1   | Reached skill level 9 in Fighting
 12922 | Lair:1   | Reached skill level 2 in Dodging
 12922 | Lair:1   | Reached skill level 8 in Spellcasting
 12922 | Lair:1   | Reached skill level 6 in Conjurations
 13527 | Lair:1   | Noticed Urug
 13543 | Lair:1   | Killed Urug
 13845 | Lair:1   | Reached skill level 3 in Dodging
 14810 | Lair:2   | Reached skill level 9 in Spellcasting
 14822 | Lair:2   | HP: 43/89 [yak (6)]
 14843 | Lair:2   | HP: 42/89 [yak (8)]
 15795 | Lair:3   | Reached skill level 7 in Conjurations
 15917 | Lair:3   | Noticed Sonja
 15927 | Lair:3   | Killed Sonja
 16418 | Lair:3   | Noticed Snorg
 16449 | Lair:3   | Killed Snorg
 16449 | Lair:3   | Reached skill level 4 in Dodging
 16449 | Lair:3   | Reached XP level 12. HP: 85/97 MP: 2/25
 16812 | Lair:3   | Reached skill level 10 in Fighting
 16865 | Lair:3   | Learned a level 4 spell: Throw Icicle
 17056 | Lair:4   | Found a labyrinth entrance.
 17081 | Lab      | Entered a labyrinth
 17644 | Lab      | Reached skill level 1 in Ice Magic
 17769 | Lab      | HP: 33/97 [gargoyle/stone arrow (21)]
 18128 | Lab      | Noticed a minotaur
 18136 | Lab      | HP: 38/97 [minotaur/javelin (16)]
 18138 | Lab      | HP: 15/97 [minotaur/javelin (24)]
 18143 | Lab      | Slain by a minotaur

Vanquished Creatures
  Gastronok (Lair:1)
  Snorg (Lair:3)
  Fannar (D:10)
  Erica (D:8)
  A two-headed ogre (D:8)
  Urug (Lair:1)
  Sonja (Lair:3)
  Pikel (D:6)
  A necromancer (D:10)
  A cyclops (D:10)
  2 spiny frogs
  3 gargoyles (Lab)
  2 komodo dragons
  A hippogriff (Lair:1)
  Sigmund (D:5)
  A wyvern (D:10)
  Eustachio (D:6)
  17 yaks
  A wraith (D:10)
  2 hungry ghosts (Lab)
  Menkaure (D:5)
  An acid dragon (D:8)
  5 water moccasins
  3 porcupines
  3 ice beasts
  An orc warrior (D:10)
  2 phantoms (D:4)
  3 sky beasts
  2 slaves (D:6)
  7 ogres
  2 centaurs
  A crocodile (Lair:1)
  A big kobold (D:8)
  Blork the orc (D:8)
  8 bullfrogs
  An earth elemental (Lab)
  6 scorpions
  5 killer bees (D:10)
  3 wights
  9 howler monkeys
  A crimson imp (D:7)
  2 bullfrog zombies (D:7)
  A centaur zombie (D:7)
  2 jellies
  8 hounds
  A bullfrog skeleton (D:9)
  3 centaur skeletons
  An orc priest (D:8)
  Jessica (D:2)
  2 iguanas
  4 orc wizards
  Natasha (thrice) (D:2)
  2 worker ants
  A wolf simulacrum (D:10)
  A hound zombie (D:5)
  A hound skeleton (D:5)
  A mummy (D:4)
  7 gnolls
  13 adders
  2 howler monkey skeletons
  A shadow imp (D:6)
  2 adder zombies (D:5)
  5 worms
  2 dart slugs (D:1)
  5 leopard geckos
  21 orcs
  2 giant cockroaches
  8 goblins
  6 hobgoblins
  9 jackals
  14 kobolds
  5 quokkas
  2 ball pythons
  8 bats
  5 frilled lizards
  2 hobgoblin zombies (D:4)
  2 jackal skeletons
  2 kobold zombies (D:4)
  A quokka skeleton (D:7)
  12 rats
  A river rat simulacrum (D:10)
  A plant (D:3)
279 creatures vanquished.

Vanquished Creatures (collateral kills)
  A hungry ghost (D:8)
  A centaur (D:10)
  A crocodile (Lair:3)
  An electric eel (Lair:4)
  A crimson imp (D:7)
  A jelly (D:8)
  A gnoll (D:8)
  An orc (D:8)
  A plant (Lair:1)
9 creatures vanquished.

Vanquished Creatures (others)
  2 orcs (D:8)
  A fungus (Lair:2)
  A plant (D:8)
4 creatures vanquished.

Grand Total: 292 creatures vanquished

Table legend:
 A = Turns spent in this place as a percentage of turns spent in the entire game.
 B = Non-inter-level travel turns spent in this place as a percentage of non-inter-level travel turns spent in the entire game.
 C = Inter-level travel turns spent in this place as a percentage of turns spent in this place.
 D = Turns resting spent in this place as a percentage of non-inter-level travel turns spent in this place.
 E = Turns spent auto-exploring this place as a percentage of non-inter-level travel turns spent in this place.
 F = Non-inter-level travel turns spent in this place divided by the number of levels of this place that you've seen.
                   A       B       C       D       E      F
               +-------+-------+-------+-------+-------+----------------------
         Total | 100.0 | 100.0 |   4.8 |  37.1 |  43.3 | 1016.0
       Dungeon |  70.4 |  70.7 |   4.4 |  37.5 |  42.6 | 1109.8
        Temple |   0.2 |   0.2 |   0.0 |  75.9 |   0.0 |  29.0
          Lair |  23.6 |  23.0 |   7.3 |  30.6 |  57.4 | 993.2
     Labyrinth |   5.9 |   6.1 |   0.0 |  56.5 |   0.0 | 1062.0
               +-------+-------+-------+-------+-------+----------------------
